 Dungeon Crawl Stone Soup version 0.22-a0-362-g535178c (webtiles) character file.

837 dstrtnsr the Chiller (level 7, -5/51 HPs)
             Began as a Gnoll Ice Elementalist on Apr 22, 2018.
             Was an Initiate of Cheibriados.
             Splashed by a jelly's acid (6 damage)
             ... on level 7 of the Dungeon.
             The game lasted 00:13:50 (1256 turns).

dstrtnsr the Chiller (Gnoll Ice Elementalist)       Turns: 1256, Time: 00:13:50

Health: -5/51      AC: -4    Str: 11    XL:     7   Next: 99%
Magic:  0/15       EV: 15    Int: 20    God:    Cheibriados [......]
Gold:   106        SH:  0    Dex: 17    Spells: 9/17 levels left

rFire    . . .     SeeInvis .   a - +4 whip
rCold    . . .     Gourm    .   (no shield)
rNeg     . . .     Faith    .   k - +0 leather armour
rPois    .         Spirit   +   (no helmet)
rElec    .         Reflect  .   m - scarf {Spirit}
rCorr    .         Harm     .   (no gloves)
MR       .....                  (no boots)
Stlth    +++.......             (no amulet)
HPRegen  0.17/turn              (no ring)
MPRegen  0.14/turn              (no ring)

@: corroded, very slow
A: distributed training, fangs 1, strong nose
a: Bend Time, Renounce Religion


You were on level 7 of the Dungeon.
You worshipped Cheibriados.
Cheibriados was noncommittal.
You were very hungry.

You visited 2 branches of the dungeon, and saw 8 of its levels.

You collected 106 gold pieces.

Inventory:

Hand Weapons
 a - a +4 whip (weapon)
Armour
 f - a +0 ring mail
 k - a +0 leather armour (worn)
 m - a scarf of spirit shield (worn)
Jewellery
 b - an uncursed ring of ice
Wands
 i - a wand of random effects (30)
 F - a wand of flame (9)
Scrolls
 g - a scroll of random uselessness {unknown}
 h - a scroll of teleportation {unknown}
 l - a scroll of identify {@r1}
Potions
 d - a potion of cancellation {unknown}
 e - a potion of degeneration {unknown}
 j - a potion of heal wounds
 n - a potion of agility {unknown}
Comestibles
 c - 7 rations {!d}


   Skills:
 + Level 2.7 Fighting
 + Level 2.7 Short Blades
 + Level 2.7 Long Blades
 + Level 2.7 Axes
 + Level 2.7 Maces & Flails
 + Level 2.7 Polearms
 + Level 2.7 Staves
 + Level 2.7 Slings
 + Level 2.7 Bows
 + Level 2.7 Crossbows
 + Level 2.7 Throwing
 + Level 2.7 Armour
 + Level 5.4 Dodging
 + Level 5.0 Stealth
 + Level 2.7 Shields
 + Level 2.7 Unarmed Combat
 + Level 5.7 Spellcasting
 + Level 3.1 Conjurations
 + Level 2.2 Hexes
 + Level 2.2 Charms
 + Level 2.2 Summonings
 + Level 2.2 Necromancy
 + Level 2.2 Translocations
 + Level 2.2 Transmutations
 + Level 2.2 Fire Magic
 + Level 5.9 Ice Magic
 + Level 2.2 Air Magic
 + Level 2.2 Earth Magic
 + Level 2.2 Poison Magic
 + Level 3.0 Invocations
 + Level 2.7 Evocations


You had 9 spell levels left.
You knew the following spells:

 Your Spells              Type           Power        Failure   Level  Hunger
a - Freeze                Ice            ####         1%          1    None
i - Summon Ice Beast      Ice/Summ       ###.....     26%         4    ####...
o - Ozocubu's Armour      Chrm/Ice       ###.....     8%          3    ##.....


Dungeon Overview and Level Annotations

Branches:
Dungeon (7/15)             Temple (1/1) D:6

Altars:
Cheibriados
Elyvilon
Makhleb
Nemelex Xobeh
Okawaru
Qazlal
Ru
Uskayaw
Vehumet
Wu Jian
Xom
The Shining One

Annotations:
D:5 Eustachio


Innate Abilities, Weirdness & Mutations

Your experience applies equally to all skills.
You have very sharp teeth.
Your uncanny sense of smell can sniff out nearby items.


Message History

The centaur unwields an uncursed shortbow.
The centaur hits your ice beast! The hound completely misses you.
Your ice beast hits the centaur but does no damage.
The gnoll sergeant hits your ice beast with a spear.
Unknown command.
Unknown command.
You miss the hound. Your bite misses the hound.
The hound is heavily wounded.
The centaur wields an uncursed shortbow.
The centaur shoots an arrow.
The arrow hits your ice beast! The hound bites you.
* * * LOW HITPOINT WARNING * * *
Your ice beast barely misses the gnoll sergeant.
Your ice beast hits the centaur.
Your ice beast freezes the centaur!
The gnoll sergeant hits your ice beast with a spear.
The hound bites you but does no damage.
Damage: -6%(-3hp) hp: 28%(14hp) Unknown command.
You barely miss the hound.
The hound is heavily wounded.
The centaur unwields an uncursed shortbow.
The centaur hits your ice beast.
Your ice beast dies!
Your ice beast hits the gnoll sergeant.
Your ice beast freezes the gnoll sergeant!
The hound closely misses you.
The centaur closely misses your ice beast.
The gnoll sergeant hits your ice beast with a spear.
Unknown command.
Unknown command.
Evoke which item? (* to show all) (? for menu, Esc to quit)
Aiming: Iceblast
Press: ? - help, Shift-Dir - straight line The mass of ice explodes!
The iceblast engulfs the centaur.
The centaur is almost dead.
The now-empty wand crumbles to dust.
The hound barely misses you.
Your ice beast hits the gnoll sergeant.
Your ice beast freezes the gnoll sergeant!
The gnoll sergeant dies!
Cheibriados appreciates the change of pace.
The centaur wields an uncursed shortbow.
The centaur shoots an arrow.
The arrow misses you. The hound closely misses you.
Unknown command.
Unknown command.
Evoke which item? (* to show all) (? for menu, Esc to quit)
Aiming: Throw Flame
Press: ? - help, Shift-Dir - straight line, f - centaur
Aim: a centaur, wielding a shortbow (almost dead)
The puff of flame hits the centaur.
You kill the centaur!
Cheibriados thoroughly appreciates the change of pace.
Your Invocations skill increases to level 3!
The hound barely misses you.
Unknown command.
You barely miss the hound.
The hound is heavily wounded.
The hound bites you but does no damage.
You hear a slurping noise.
The jelly eats the door!
The hound bites you.
* * * LOW HITPOINT WARNING * * *
2 jellies and a sky beast come into view.
Damage: -6%(-3hp) hp: 24%(12hp)
You hit the hound.
The hound is almost dead.
The hound misses you.
Unknown command.
You miss the hound. You bite the hound, but do no damage.
The hound is almost dead.
The hound closely misses you.
Your ice beast barely misses the hound.
Unknown command.
Unknown command.
You hit the hound.
You kill the hound!
Cheibriados thoroughly appreciates the change of pace.
The jelly hits you.
* * * LOW HITPOINT WARNING * * *
The acid corrodes you!
You are splashed with acid!
The acid burns!
* * * LOW HITPOINT WARNING * * *
Huge Dmg: -14%(-7hp) hp: 10%(5hp) Evoke which item? (* to show all) (? for menu, Esc to quit)
Okay, then.
Unknown command.
Okay, then.
Unknown command.
You hit the jelly. The acid corrodes you!
Your hands burn!
* * * LOW HITPOINT WARNING * * *
The jelly is lightly wounded.
The jelly misses you.
Your ice beast hits the jelly.
Your ice beast freezes the jelly.
Your ice beast is burned by acid!
Huge Dmg: -4%(-2hp) hp: 6%(3hp) Unknown command.
You hit the jelly but do no damage.
Your hands burn!
* * * LOW HITPOINT WARNING * * *
The jelly is heavily wounded.
The jelly hits you.
* * * LOW HITPOINT WARNING * * *
The acid corrodes you!
You are splashed with acid!
The acid burns!
You die...

#.........[.
#......>...
#.........
#.......###
#.........
#...))..#
#...)(J.#
#...)@Y.#
###....(#
#....(..)
#..Y..J....
#.....(.....
#..(........
#...........
#...........


You could see a sky beast, 2 jellies and a friendly ice beast.

Vanquished Creatures
  A hornet zombie (D:5)
  An ice beast (D:5)
  An ogre (D:5)
  A centaur (D:7)
  A wyvern zombie (D:5)
  A scorpion (D:5)
  A crimson imp (D:5)
  2 hounds
  An iguana (D:5)
  Ijyb (D:4)
  3 worker ants (D:5)
  3 gnolls
  A howler monkey skeleton (D:5)
  An adder (D:5)
  2 adder zombies (D:5)
  A worm (D:5)
  A dart slug (D:1)
  2 leopard geckos
  10 orcs (D:5)
  A ball python (D:4)
  2 giant cockroaches
  10 goblins
  2 hobgoblins
  7 jackals
  4 kobolds
  4 quokkas
  3 bats (D:1)
  3 frilled lizards (D:1)
  A leopard gecko skeleton (D:5)
  5 rats
77 creatures vanquished.

Vanquished Creatures (collateral kills)
  A gnoll sergeant (D:7)
  An orc wizard (D:5)
  A worker ant (D:5)
  A gnoll (D:7)
  An adder (D:5)
  An orc (D:5)
  A giant cockroach (D:5)
7 creatures vanquished.

Vanquished Creatures (others)
  A scorpion (D:5)
  A hound (D:5)
  An adder (D:5)
  An orc (D:5)
  A quokka (D:5)
5 creatures vanquished.

Grand Total: 89 creatures vanquished

Notes
Turn   | Place    | Note
-------+----------+-------------------------------------------
     0 | D:1      | dstrtnsr the Gnoll Ice Elementalist began the quest for the Orb.
     0 | D:1      | Reached XP level 1. HP: 13/13 MP: 6/6
    66 | D:1      | Reached XP level 2. HP: 19/19 MP: 2/7
   195 | D:1      | Reached skill level 5 in Spellcasting
   195 | D:1      | Reached XP level 3. HP: 22/25 MP: 0/9
   313 | D:3      | Found an iron altar of Okawaru.
   345 | D:3      | Reached skill level 1 in Invocations
   425 | D:4      | Learned a level 3 spell: Ozocubu's Armour
   425 | D:4      | Noticed Ijyb
   444 | D:4      | HP: 8/25 [Ijyb (3)]
   446 | D:4      | Killed Ijyb
   446 | D:4      | Reached skill level 1 in Fighting
   446 | D:4      | Reached skill level 1 in Short Blades
   446 | D:4      | Reached skill level 1 in Long Blades
   446 | D:4      | Reached skill level 1 in Axes
   446 | D:4      | Reached skill level 1 in Maces & Flails
   446 | D:4      | Reached skill level 1 in Polearms
   446 | D:4      | Reached skill level 1 in Staves
   446 | D:4      | Reached skill level 1 in Slings
   446 | D:4      | Reached skill level 1 in Bows
   446 | D:4      | Reached skill level 1 in Crossbows
   446 | D:4      | Reached skill level 1 in Throwing
   446 | D:4      | Reached skill level 1 in Armour
   446 | D:4      | Reached skill level 1 in Shields
   446 | D:4      | Reached skill level 1 in Unarmed Combat
   446 | D:4      | Reached skill level 1 in Evocations
   446 | D:4      | Reached XP level 4. HP: 10/32 MP: 6/11
   552 | D:4      | HP: 12/32 [ball python (2)]
   591 | D:5      | Entered Level 5 of the Dungeon
   603 | D:5      | Found a shimmering altar of Xom.
   603 | D:5      | Noticed an ogre
   603 | D:5      | Noticed an ice beast
   607 | D:5      | Killed an ice beast
   607 | D:5      | Reached skill level 1 in Hexes
   607 | D:5      | Reached skill level 1 in Charms
   607 | D:5      | Reached skill level 1 in Summonings
   607 | D:5      | Reached skill level 1 in Necromancy
   607 | D:5      | Reached skill level 1 in Translocations
   607 | D:5      | Reached skill level 1 in Transmutations
   607 | D:5      | Reached skill level 1 in Fire Magic
   607 | D:5      | Reached skill level 1 in Air Magic
   607 | D:5      | Reached skill level 1 in Earth Magic
   607 | D:5      | Reached skill level 1 in Poison Magic
   607 | D:5      | Reached XP level 5. HP: 20/37 MP: 12/12
   609 | D:5      | Killed an ogre
   609 | D:5      | Reached XP level 6. HP: 24/44 MP: 13/13
   613 | D:5      | Reached skill level 5 in Dodging
   680 | D:5      | HP: 15/44 [hornet zombie (6)]
   698 | D:5      | Reached XP level 7. HP: 38/50 MP: 7/15
   716 | D:5      | Learned a level 4 spell: Summon Ice Beast
   767 | D:5      | Noticed Eustachio
   933 | D:5      | Noticed a spatial vortex
   995 | D:5      | Found a burning altar of Makhleb.
  1126 | D:6      | Found a staircase to the Ecumenical Temple.
  1149 | Temple   | Entered the Ecumenical Temple
  1164 | Temple   | Became a worshipper of Cheibriados the Contemplative
  1234 | D:7      | Reached skill level 5 in Stealth
  1239 | D:7      | HP: 16/51 [gnoll sergeant/spear (5)]
  1241 | D:7      | HP: 4/51 [gnoll sergeant/spear (8)]
  1247 | D:7      | HP: 14/51 [hound (3)]
  1254 | D:7      | HP: 10/51 [jelly (3)]
  1255 | D:7      | HP: 3/51 [acid (2)]
  1256 | D:7      | HP: 1/51 [jelly (1)]
  1256 | D:7      | Splashed by a jelly's acid

Vault maps used:
D:1:      dpeg_arrival_more_subterranean_lakeside_camping, minmay_ruptured
D:2:      lemuel_blue_sif_altar, minivault_4
D:3:      lemuel_doored_altar, first_ration, kennysheep_generic_room_5
D:4:      kennysheep_the_goblin_king
D:5:      xom_confusion_cloud, old_standard_altar, uniq_eustachio,
          uniq_crazy_yiuf_cottage
D:6:      temple_pool_b, corexii_corridor_pit, makhleb_altar_promises_db,
          uniq_duvessa
D:7:      zin_treasury, old_standard_altar, serial_glass, glass_columns_c,
          glass_columns_c, grunt_ministairs_11, the_bakery,
          kennysheep_small_circle, uniq_joseph
Temple:   eino_wide_crystal_templ

Skill      XL: |  1  2  3  4  5  6  7 |
---------------+----------------------+-----
Conjurations   | 2 3 |  3.1
Spellcasting   | 5 |  5.7
Invocations    | 1 2 3 |  3.0
Fighting       | 1 2 |  2.7
Short Blades   | 1 2 |  2.7
Long Blades    | 1 2 |  2.7
Axes           | 1 2 |  2.7
Maces & Flails | 1 2 |  2.7
Polearms       | 1 2 |  2.7
Staves         | 1 2 |  2.7
Slings         | 1 2 |  2.7
Bows           | 1 2 |  2.7
Crossbows      | 1 2 |  2.7
Throwing       | 1 2 |  2.7
Armour         | 1 2 |  2.7
Shields        | 1 2 |  2.7
Unarmed Combat | 1 2 |  2.7
Evocations     | 1 2 |  2.7
Hexes          | 1 2 |  2.2
Charms         | 1 2 |  2.2
Summonings     | 1 2 |  2.2
Necromancy     | 1 2 |  2.2
Translocations | 1 2 |  2.2
Transmutations | 1 2 |  2.2
Fire Magic     | 1 2 |  2.2
Air Magic      | 1 2 |  2.2
Earth Magic    | 1 2 |  2.2
Poison Magic   | 1 2 |  2.2
Dodging        | 5 |  5.4
Stealth        | 5 |  5.0
Ice Magic      | |  5.9

Action                   |  1- 3 |  4- 6 |  7- 9 || total
-------------------------+-------+-------+-------++-------
Melee: Whip              |    26 |    11 |    73 ||   110
       Bite              |     2 |     2 |     3 ||     7
       Unarmed           |       |    14 |     7 ||    21
Throw: Tomahawk          |       |     1 |       ||     1
 Cast: Freeze            |    35 |    21 |    19 ||    75
       Ozocubu's Armour  |       |     1 |       ||     1
       Summon Ice Beast  |       |       |     5 ||     5
Evoke: Wand              |       |     8 |     5 ||    13
  Use: Scroll            |       |     3 |       ||     3
       Potion            |       |     2 |     1 ||     3
 Stab: Sleeping          |     4 |       |     4 ||     8
       Distracted        |       |     1 |       ||     1
       Confused          |       |       |     2 ||     2
  Eat: Chunk             |       |       |     1 ||     1
Armor: Robe              |     6 |       |       ||     6
       Skin              |       |    32 |    14 ||    46
       Leather armour    |       |     8 |     8 ||    16
Dodge: Dodged            |    30 |    20 |    69 ||   119

Table legend:
 A = Spawn XP
 B = Non-spawn XP
 C = Spawn XP percentage of total XP
 D = Spawn monster count
 E = Non-spawn monster count
 F = Spawn count percentage of total count
 G = Total turns spent on level
                    A         B        C        D         E        F      G
               +---------+---------+-------+---------+---------+-------+---------
         Total |       0 |    1197 |   0.0 |       0 |      84 |   0.0 |  1256
               +---------+---------+-------+---------+---------+-------+---------
           D:1 |       0 |      52 |   0.0 |       0 |      23 |   0.0 |   282
           D:2 |       0 |       3 |   0.0 |       0 |       2 |   0.0 |    24
           D:3 |       0 |       6 |   0.0 |       0 |       4 |   0.0 |    71
           D:4 |       0 |      54 |   0.0 |       0 |      10 |   0.0 |   214
           D:5 |       0 |     876 |   0.0 |       0 |      38 |   0.0 |   509
           D:6 |       0 |       2 |   0.0 |       0 |       1 |   0.0 |   100
           D:7 |       0 |     204 |   0.0 |       0 |       6 |   0.0 |    25
               +---------+---------+-------+---------+---------+-------+---------
